 Dungeon Crawl Stone Soup version 0.30-a0-292-g0f741e3f8e (webtiles) character file.

Game seed: 10334786683679689530

40 rogsnak the Gusty (level 3, -2/24 HPs)
             Began as a Demonspawn Air Elementalist on Oct 18, 2022.
             Slain by a gnoll
             ... wielding a +0 whip
              (9 damage)
             ... on level 1 of the Dungeon.
             The game lasted 00:03:03 (1241 turns).

rogsnak the Gusty (Demonspawn Air Elementalist)     Turns: 1241, Time: 00:03:03

Health: -2/24      AC:  2    Str:  8    XL:     3   Next: 30%
Magic:  0/6        EV: 14    Int: 18    God:
Gold:   77         SH:  0    Dex: 13    Spells: 5/6 levels left

rFire   . . .      SeeInvis .    f - +0 mace
rCold   . . .      Faith    .    (no shield)
rNeg    . . .      Spirit   .    a - +0 robe
rPois   .          Reflect  .    (no helmet)
rElec   .          Harm     .    (no cloak)
rCorr   .          Rampage  .    (no gloves)
Will    .....                    (no boots)
Stlth   ++........               (no amulet)
HPRegen 0.24/turn                (no ring)
MPRegen 0.20/turn                (no ring)

@: very slightly contaminated
A: repulsion field 1, magic regeneration
a: no special abilities


You were on level 1 of the Dungeon.
You visited 1 branch of the dungeon, and saw 2 of its levels.

You collected 77 gold pieces.

Inventory:

Hand Weapons
 d - a +0 club
 f - a +0 mace (weapon)
Armour
 a - a +0 robe (worn)
Scrolls
 c - a scroll of identify {unknown}
 g - a scroll of fog {unknown}
 h - a scroll of enchant weapon {unknown}
Potions
 b - a potion of magic
 e - a potion of curing {unknown}


   Skills:
 + Level 2.1 Dodging
 + Level 1.8 Stealth
 + Level 2.3 Spellcasting
 * Level 1.7 Conjurations
 + Level 3.2 Air Magic


You had 5 spell levels left.
You knew the following spells:

 Your Spells              Type           Power      Damage    Failure   Level
a - Shock                 Conj/Air       44%        1d5       6%          1

Your spell library contained the following spells:

 Spells                   Type           Power      Damage    Failure   Level
 Static Discharge         Conj/Air       22%        2-3/arc   10%         2
 Swiftness                Air            13%        N/A       14%         3
 Airstrike                Air            6%         2d(1-17)  43%         4


Dungeon Overview and Level Annotations

Branches:
Dungeon (2/15)

Altars:


Innate Abilities, Weirdness & Mutations

You are surrounded by a mild repulsion field. (EV +2)
You regenerate magic rapidly.


Message History

The gnoll is heavily wounded.
The gnoll hits you but does no damage.
Casting: Shock (safe; 6% risk of failure)
Confirm with . or Enter, or press ? or * to list all spells.
Aiming: Shock (safe; 6% risk of failure)
Press: ? - help, Shift-Dir - straight line The zap hits the gnoll.
The gnoll is severely wounded.
The zap misses the gnoll.
The gnoll misses you.
Unknown command.
A gnoll comes into view. It is wielding a +0 whip.
The gnoll hits you but does no damage. The gnoll misses you.
There is a stone staircase leading up here.
The gnoll hits you from afar with a +0 spear.
The gnoll hits you with a +0 whip.
You climb upwards.
There is a stone staircase leading down here.
Casting: Shock (safe; 6% risk of failure)
Confirm with . or Enter, or press ? or * to list all spells.
Aiming: Shock (safe; 6% risk of failure)
Press: ? - help, Shift-Dir - straight line The zap hits the gnoll.
The gnoll is moderately wounded.
The zap hits the gnoll.
The gnoll is heavily wounded.
The gnoll hits you with a +0 whip.
Casting: Shock (safe; 6% risk of failure)
Confirm with . or Enter, or press ? or * to list all spells.
Aiming: Shock (safe; 6% risk of failure)
Press: ? - help, Shift-Dir - straight line You miscast Shock.
You are very lightly contaminated with residual magic.
Nothing appears to happen.
The gnoll hits you with a +0 whip.
* * * LOW HITPOINT WARNING * * *
Unknown command.
You hit the gnoll.
The gnoll is almost dead.
The gnoll hits you with a +0 whip!
You die...

#... #... #).. #...
####### #... #.....#####
#... #.##......# #...
###.##......###...
#@g..##..†...#....
#####.#....####...
##.#########...
###.........#####
#................
########...........#####
#...........#.....###...
#.#########.#.#.........
#.#.........#.###.###.##


You could see a gnoll.

Vanquished Creatures
  A gnoll (D:2)
  3 endoplasms
  2 giant cockroaches (D:1)
  2 goblins (D:1)
  3 hobgoblins (D:1)
  5 jackals (D:1)
  2 ball pythons (D:1)
  7 frilled lizards (D:1)
  A kobold (D:1)
  4 rats
30 creatures vanquished.

Vanquished Creatures (others)
  10 plants (D:1)
10 creatures vanquished.

Grand Total: 40 creatures vanquished

Notes
Turn   | Place    | Note
-------+----------+-------------------------------------------
     0 | D:1      | rogsnak the Demonspawn Air Elementalist began the quest for
                  | the Orb.
     0 | D:1      | Reached XP level 1. HP: 13/13 MP: 3/3
   309 | D:1      | Reached skill level 3 in Air Magic
   325 | D:1      | Gained mutation: You are surrounded by a mild repulsion
                  | field. (EV +2) [demonic ancestry]
   325 | D:1      | Reached XP level 2. HP: 18/19 MP: 3/5
  1179 | D:2      | Gained mutation: You regenerate magic rapidly. [demonic
                  | ancestry]
  1179 | D:2      | Reached XP level 3. HP: 24/24 MP: 4/6
  1241 | D:1      | Slain by a gnoll

Illustrated notes

Levels and vault maps discovered:
D:1:      scummos_arrival_star, layout_basic, minmay_lizard_king
D:2:      layout_rooms

Skill      XL: |  1  2 |
---------------+-------+-----
Air Magic      | 3 |  3.2
Dodging        | 2 |  2.1
Stealth        | |  1.8
Spellcasting   | |  2.3
Conjurations   | |  1.7

Action                   || total
-------------------------++-------
Melee: Club              ||     9
       Unarmed           ||     9
       Mace              ||    10
 Cast: Shock             ||    59
Armor: Robe              ||     5
Dodge: Dodged            ||    22

Table legend: (Time is in decaauts)
 A = Elapsed time spent in this place.
 B = Non-inter-level travel time spent in this place.
 C = Inter-level travel time spent in this place.
 D = Time resting spent in this place.
 E = Time spent auto-exploring this place.
 F = Levels seen in this place.
 G = Mean time per level.
                   A        B        C        D        E       F      G
               +--------+--------+--------+--------+--------+-----+--------+
         Total |   1246 |   1210 |     36 |    197 |    765 |   2 |  623.0 |
       Dungeon |   1246 |   1210 |     36 |    197 |    765 |   2 |  623.0 |
               +--------+--------+--------+--------+--------+-----+--------+

Top non-repeatable levels by time:
     D:1: 1181 daAuts
     D:2: 64 daAuts
